[Event "Team 45 45 League T78"]
[Site "Internet Chess Club"]
[Date "2018.09.29"]
[Round "2"]
[White "room-matt"]
[Black "fledermaus"]
[Result "1-0"]
[WhiteElo "1843"]
[BlackElo "1822"]
[Opening "Sicilian: Grand Prix attack"]
[ECO "B21"]
[Time "06:02:55"]
[TimeControl "2700+45"]

1. e4 c5 2. f4 d5 3. Nc3 dxe4 4. Nxe4 e6 5. Bc4 Nc6 6. d3 Nh6 7. Nf3 Be7 8. O-O
Nf5 9. Re1 O-O 10. c3 b6 11. Nfg5 h6 12. Nf3 Na5 13. Bb5 Nd6 14. Ba4 Nxe4 15.
dxe4 Ba6 16. Ne5 Qc7 17. Qd7 Qxd7 18. Nxd7 Rfd8 19. Ne5 Bb7 20. Bc2 Bf6 21. Ng4
Bh4 22. g3 Be7 23. f5 exf5 24. exf5 Bg5 25. Bxg5 hxg5 26. Rad1 Rxd1 27. Bxd1 Rd8
28. b4 cxb4 29. cxb4 Nc4 30. Bb3 Nd2 31. Re7 Nxb3 32. Rxb7 Rd1+ 33. Kf2 Rd2+ 34.
Ke3 Rxa2 35. Ne5 Nd2 36. Nxf7 Nf1+ 37. Ke4 g4 38. Ng5 Re2+ 39. Kd3 Re8 40. Rxa7
Nxh2 41. Ne6 Nf1 42. Rxg7+ Kh8 43. Rxg4 {Black resigns} 1-0

[Event "Team 45 45 League T78"]
[Site "Internet Chess Club"]
[Date "2018.10.01"]
[Round "2"]
[White "LookImYourVader"]
[Black "fishhead"]
[Result "1/2-1/2"]
[WhiteElo "1823"]
[BlackElo "1705"]
[Opening "Sicilian: Alapin's variation (2.c3)"]
[ECO "B22"]
[Time "16:01:57"]
[TimeControl "2700+45"]

1. e4 c5 2. c3 e6 3. d4 Qc7 4. Nf3 d6 5. Bf4 Nf6 6. Nbd2 Nbd7 7. Bb5 Be7 8. e5
Nd5 9. exd6 Bxd6 10. Bxd6 Qxd6 11. Ne4 Qb6 12. Qa4 Ke7 13. Bxd7 Bxd7 14. Qa3
Rhd8 15. Qxc5+ Qxc5 16. Nxc5 Bb5 17. a4 Be8 18. O-O b6 19. Nd3 Rac8 20. a5 Bb5
21. Rfd1 Rc7 22. axb6 axb6 23. Nfe5 f6 24. Ng4 Bxd3 25. Rxd3 b5 26. Ne3 Nf4 27.
Rdd1 b4 28. g3 Nd5 29. Nxd5+ Rxd5 30. Rac1 e5 31. Re1 Kd6 32. dxe5+ fxe5 33.
cxb4 Rb7 34. Red1 Rxd1+ 35. Rxd1+ Ke6 36. Rd2 Rxb4 37. Kf1 g5 38. h3 h5 39. Ke2
Rb3 40. f3 g4 41. hxg4 hxg4 42. fxg4 Rxg3 43. Kf2 Rxg4 44. Kf3 Rb4 45. Ke3 Kf5
46. Rf2+ Ke6 47. Rd2 Rb3+ 48. Ke4 Rh3 49. Rd3 Rh4+ 50. Ke3 Kf5 51. Ra3 Rh2 52.
Ra8 Rxb2 53. Rf8+ Ke6 54. Re8+ Kf6 55. Ra8 Rb3+ 56. Ke4 Rb4+ 57. Ke3 Kf5 58.
Rf8+ Ke6 59. Ra8 Rd4 60. Re8+ Kf6 61. Ra8 Rd1 62. Ke2 Rh1 63. Ke3 Re1+ 64. Kf2
Re4 65. Kf3 Rh4 66. Ke3 {Game drawn by mutual agreement} 1/2-1/2

[Event "Team 45 45 League T78"]
[Site "Internet Chess Club"]
[Date "2018.09.28"]
[Round "2"]
[White "LinceHispano44"]
[Black "chessabc"]
[Result "1/2-1/2"]
[WhiteElo "1706"]
[BlackElo "1781"]
[Opening "Queen's pawn game, Darooha variation "]
[ECO "D11"]
[Time "10:04:33"]
[TimeControl "2700+45"]

1. Nf3 d5 2. d4 Nf6 3. c4 c6 4. Qc2 e6 5. cxd5 Qxd5 6. Nc3 Bb4 7. Bd2 Qd8 8. a3
Bd6 9. e4 Bc7 10. Bd3 h6 11. O-O O-O 12. Rac1 Bb6 13. e5 Nd5 14. Rfe1 Nd7 15.
Ne4 f5 16. Nd6 a6 17. b4 Bc7 18. Nc4 b5 19. Ne3 Nb8 20. Nxd5 Qxd5 21. Ra1 Bb6
22. Bc3 Rd8 23. Red1 Ra7 24. Nh4 Rf7 25. Ng6 Bb7 26. Nf4 Qd7 27. h4 Qe8 28. Qb3
Bc8 29. Bb1 g5 30. hxg5 hxg5 31. Nh5 Nd7 32. Ba2 Re7 33. Ng3 Qg6 34. Qc2 Nf8 35.
Nxf5 Kh8 36. Ne3 Qh5 37. Qe4 Rh7 38. Kf1 Bb7 39. Qg4 Qh6 40. Ke2 Qh5 41. Bb2
Qxg4+ 42. Nxg4 Rh4 43. f3 Bc8 44. Rac1 Bb7 45. Kf2 Kg7 46. Bb1 Kf7 47. Be4 Rc8
48. Rh1 Nd7 49. Rxh4 gxh4 50. f4 Kg7 51. Ke3 Nb8 52. Rh1 Rh8 53. Bc3 Nd7 54. Nf2
Nf8 55. Nh3 Bd8 56. Be1 Be7 57. Ng1 a5 58. Nf3 Ng6 59. Bxg6 Kxg6 60. Nxh4+ Kg7
61. g3 Ra8 62. Rh2 axb4 63. axb4 Ra3+ 64. Ke2 Ra2+ 65. Bd2 Bxb4 66. Kd1 c5 67.
dxc5 Bxc5 68. Re2 Bd5 69. f5 Bb3+ 70. Kc1 Ba3+ 71. Kb1 Bb2 72. Bh6+ Kxh6 73.
Rxb2 Rxb2+ 74. Kxb2 Bd1 75. fxe6 Kg5 76. Kc3 Bh5 77. e7 Be8 78. Kd4 Kg4 79. Kc5
b4 80. Kxb4 Kxg3 81. Nf5+ Kf4 82. Ng7 Kxe5 {Game drawn by mutual agreement}
1/2-1/2

[Event "Team 45 45 League T78"]
[Site "Internet Chess Club"]
[Date "2018.10.01"]
[Round "2"]
[White "elmaestro"]
[Black "Goli"]
[Result "1-0"]
[WhiteElo "1699"]
[BlackElo "1677"]
[Opening "English, 1...Nf6 (Anglo-Indian defense)"]
[ECO "E68"]
[Time "13:15:38"]
[TimeControl "2700+45"]

1. c4 Nf6 2. g3 g6 3. Bg2 Bg7 4. Nf3 O-O 5. O-O d6 6. d4 c6 7. Nc3 Nbd7 8. e4 e5
9. d5 cxd5 10. exd5 a5 11. Bg5 h6 12. Be3 Nh5 13. Nh4 Kh7 14. Be4 f5 15. Bxf5
gxf5 16. Qxh5 Qf6 17. g4 f4 18. Ne4 Qe7 19. Ng6 Nf6 20. Ng5+ {Black resigns} 1-0

[Event "Team 45 45 League T78"]
[Site "Internet Chess Club"]
[Date "2018.09.30"]
[Round "2"]
[White "janh"]
[Black "Yedixon"]
[Result "1/2-1/2"]
[WhiteElo "1899"]
[BlackElo "1679"]
[Opening "Old Indian: Tartakower (Wade) variation"]
[ECO "A41"]
[Time "20:19:42"]
[TimeControl "2700+45"]

1. d4 d6 2. Nf3 Bg4 3. e3 c6 4. Bc4 e6 5. Nbd2 Nf6 6. c3 Be7 7. Bb3 O-O 8. O-O
d5 9. Re1 b5 10. Bc2 a5 11. e4 c5 12. exd5 Qxd5 13. Ne4 Nbd7 14. Bg5 Rad8 15.
Qc1 Bxf3 16. gxf3 cxd4 17. Bb3 Qf5 18. Qf4 Qxf4 19. Bxf4 Nxe4 20. fxe4 dxc3 21.
bxc3 Nc5 22. Bc7 Ra8 23. Bc2 Rfc8 24. Bf4 g5 25. Be3 Bf6 26. Bd4 Bxd4 27. cxd4
Nd7 28. Bd3 b4 29. Rec1 Nb6 30. Bb5 Rxc1+ 31. Rxc1 Rc8 32. Rc5 h6 33. Kg2 Kf8
34. Kf3 Ke7 35. Ke3 Kd6 36. e5+ Ke7 37. Bc6 f5 38. exf6+ Kxf6 39. Kd3 a4 40. Rc2
Ke7 41. Bxa4 Rxc2 42. Bxc2 Kd6 43. Ke4 Nd5 44. Bb3 Nf4 45. Bc4 Nh3 46. Kf3 e5
47. dxe5+ Kxe5 48. Bf7 Kd4 49. Kg3 Nf4 50. h4 Ke4 51. hxg5 hxg5 52. Kg4 Kd4 53.
Kxg5 Nh3+ 54. Kg4 Nxf2+ 55. Kf3 Nd3 56. Ke2 Kc3 57. Kd1 Kb2 58. Kd2 Nc1 59. Be6
Nxa2 60. Kd3 Ka3 61. Bf7 Nc3 62. Kc2 Ne4 63. Kb1 Nd6 64. Bg8 Ka4 65. Kb2 Kb5 66.
Kb3 Kc5 67. Be6 Nb5 68. Bg8 Nd4+ 69. Ka4 Nc2 70. Kb3 Na3 71. Ka4 Nc4 72. Kb3 Nb6
73. Bf7 Kb5 74. Be8+ Kc5 75. Bf7 {Game drawn by mutual agreement} 1/2-1/2

[Event "Team 45 45 League T78"]
[Site "Internet Chess Club"]
[Date "2018.09.30"]
[Round "2"]
[White "THE-WARRIOR"]
[Black "Portola"]
[Result "1/2-1/2"]
[WhiteElo "1651"]
[BlackElo "1788"]
[Opening "Queen's gambit declined"]
[ECO "D30"]
[Time "10:00:33"]
[TimeControl "2700+45"]

1. d4 d5 2. c4 e6 3. e3 Nf6 4. Nc3 Be7 5. Nf3 Nbd7 6. Bd3 O-O 7. O-O b6 8. cxd5
exd5 9. a3 Bb7 10. Bd2 c5 11. Rc1 a6 12. Re1 Ne4 13. Ne2 Ndf6 14. Ne5 c4 15. Bc2
b5 16. f3 Nxd2 17. Qxd2 a5 18. Ra1 Nd7 19. Nxd7 Qxd7 20. b4 axb4 21. axb4 Qd6
22. Rxa8 Rxa8 23. Rb1 Ra3 24. Ng3 g6 25. e4 dxe4 26. fxe4 Bf6 27. Rd1 Qd8 28. e5
Bg5 29. Qe2 Bd5 30. Ne4 Bxe4 31. Qxe4 {Game drawn by mutual agreement} 1/2-1/2

[Event "Team 45 45 League T78"]
[Site "Internet Chess Club"]
[Date "2018.09.29"]
[Round "2"]
[White "kabindra"]
[Black "misuc56"]
[Result "1-0"]
[WhiteElo "1735"]
[BlackElo "1518"]
[Opening "Sicilian: Grand Prix attack"]
[ECO "B23"]
[Time "15:00:27"]
[TimeControl "2700+45"]

1. e4 c5 2. Nc3 Nc6 3. f4 d6 4. Bc4 g6 5. Nf3 Bg7 6. O-O Bd7 7. d3 a6 8. a4 Rb8
9. Qe1 Nd4 10. Nxd4 Bxd4+ 11. Be3 Bg7 12. f5 Nf6 13. Qh4 b5 14. axb5 axb5 15.
Bb3 Qc8 16. Bh6 Bxh6 17. Qxh6 c4 18. dxc4 bxc4 19. Ba4 Bxa4 20. Rxa4 Rf8 21.
fxg6 hxg6 22. Qf4 Rxb2 23. e5 dxe5 24. Qxe5 Qb8 25. Qe2 Rh8 26. h3 Kf8 27. Rxc4
Rb7 28. Ne4 Nxe4 29. Rxe4 Rh5 30. Ref4 Rh7 31. Qe6 Qe8 32. Qxg6 Rg7 33. Qh6 Kg8
34. Rh4 f6 35. Qf4 Qc6 36. Rg4 Rc7 37. c4 Rxg4 38. Qxg4+ Kf7 39. Qh5+ Kg7 40.
Rf4 Qc5+ 41. Qxc5 Rxc5 42. Kf2 e5 43. Rg4+ Kh6 44. g3 f5 45. Rh4+ Kg5 46. Rh8
Rxc4 47. Rg8+ Kf6 48. h4 Rc2+ 49. Kg1 Kf7 50. Rg5 Kf6 51. Rg8 e4 52. h5 Kf7 53.
Rg5 Kf6 54. Rg8 Rc7 55. Rg6+ Ke5 56. h6 Rh7 57. Kf2 f4 58. g4 Ra7 59. Rg5+ Kd4
60. Rg7 Ra2+ 61. Kg1 Ra1+ 62. Kh2 Ra2+ 63. Kh3 f3 64. Rf7 Ke3 65. h7 Ra1 66. Kh2
Ra8 67. g5 Ra2+ 68. Kh3 Ra1 69. g6 f2 70. g7 Rh1+ 71. Kg2 Rxh7 72. g8=Q Rxf7 73.
Qxf7 {Black resigns} 1-0

[Event "Team 45 45 League T78"]
[Site "Internet Chess Club"]
[Date "2018.09.29"]
[Round "2"]
[White "Gojira"]
[Black "Hectormercado"]
[Result "1-0"]
[WhiteElo "1698"]
[BlackElo "1511"]
[Opening "Queen's pawn, Mason variation"]
[ECO "D00"]
[Time "06:01:13"]
[TimeControl "2700+45"]

1. d4 d5 2. Bf4 e6 3. e3 Nf6 4. Nf3 Be7 5. h3 Nbd7 6. Bd3 c5 7. c3 O-O 8. Nbd2
b6 9. Ne5 Bb7 10. Ndf3 h6 11. Qa4 Qc8 12. Rc1 a6 13. Bb1 b5 14. Qc2 Rd8 15. Nd2
c4 16. g4 Ne4 17. f3 Nef6 18. h4 Kf8 19. g5 hxg5 20. hxg5 Nxe5 21. Rh8+ Ng8 22.
Rxg8+ Kxg8 23. Qh7+ {Black resigns} 1-0

[Event "Team 45 45 League T78"]
[Site "Internet Chess Club"]
[Date "2018.09.29"]
[Round "2"]
[White "janh"]
[Black "gnat"]
[Result "1/2-1/2"]
[WhiteElo "1909"]
[BlackElo "2057"]
[Opening "Queen's pawn game"]
[ECO "D00"]
[Time "10:01:14"]
[TimeControl "2700+45"]

1. d4 Nf6 2. Nc3 d5 3. Bf4 e6 4. e3 Bb4 5. Bd3 Bxc3+ 6. bxc3 b6 7. Nf3 Ba6 8.
Ne5 O-O 9. Bxa6 Nxa6 10. Bg5 Qe8 11. Bxf6 gxf6 12. Ng4 Qe7 13. Qf3 f5 14. Ne5 c5
15. Rg1 f6 16. Nd3 Kh8 17. Nf4 Rg8 18. Kd2 Nc7 19. Rae1 Rg7 20. Nh5 Rg5 21. h3
Rag8 22. g4 Ne8 23. Nf4 Nd6 24. Ne2 Ne4+ 25. Kc1 cxd4 26. exd4 Qa3+ 27. Kd1 Qxa2
28. Qe3 Qa1+ 29. Nc1 Qxc3 30. Qxc3 Nxc3+ 31. Kd2 Ne4+ 32. Ke3 fxg4 33. hxg4 Nd6
34. Kf4 Ne4 35. f3 e5+ 36. Ke3 Nd6 37. Nd3 Nc4+ 38. Kf2 e4 39. Nf4 exf3 40. Re7
R5g7 41. Nxd5 Rd8 42. Rxg7 Kxg7 43. Ne7 Kf7 44. Nf5 Nd6 45. Nxd6+ Rxd6 46. c3
Rc6 47. Rc1 Ke6 48. c4 Rc7 49. Kxf3 b5 50. Re1+ Kd6 51. cxb5 Kd5 52. Rb1 Rb7 53.
Ke3 Kc4 54. Rf1 Re7+ 55. Kd2 Re4 56. Rxf6 Rxd4+ 57. Kc2 Rxg4 58. Rf7 Rh4 59.
Rxa7 Rh2+ 60. Kd1 Kxb5 61. Ke1 Kc4 62. Kf1 Rh6 63. Kg2 Rg6+ 64. Kh3 h6 65. Kh4
Rg1 66. Kh3 Kd4 67. Ra6 Rh1+ 68. Kg2 Rh5 69. Ra4+ Kc3 70. Ra3+ Kb4 71. Rh3 Rg5+
72. Rg3 Rd5 73. Kh3 Kc5 74. Kh4 Kd4 75. Rg6 {Game drawn by mutual agreement}
1/2-1/2

[Event "Team 45 45 League T78"]
[Site "Internet Chess Club"]
[Date "2018.09.29"]
[Round "2"]
[White "Percival"]
[Black "primerpaso"]
[Result "1-0"]
[WhiteElo "2002"]
[BlackElo "1866"]
[Opening "Nimzo-Indian: Sämisch variation"]
[ECO "E25"]
[Time "20:02:06"]
[TimeControl "2700+45"]

1. d4 Nf6 2. c4 e6 3. Nc3 Bb4 4. f3 d5 5. a3 Bxc3+ 6. bxc3 c5 7. cxd5 exd5 8. e3
O-O 9. Bd3 Nc6 10. Ne2 Re8 11. O-O b6 12. Ng3 Be6 13. Re1 Qd7 14. Ra2 Rad8 15.
Kh1 Na5 16. Rd2 cxd4 17. cxd4 Rc8 18. Bb2 Nc4 19. Rc2 Nxb2 20. Rxb2 Qd6 21. Qb3
Rc7 22. Ne2 Rec8 23. Ba6 Rb8 24. a4 Bc8 25. Bd3 Bd7 26. Ba6 Bc8 27. Bd3 Bd7 28.
Ba6 Bc8 29. Bb5 Bd7 30. Rc1 Rbc8 31. Rbc2 Rxc2 32. Rxc2 Rxc2 33. Qxc2 Qb4 34.
Bxd7 Nxd7 35. Qc8+ Nf8 36. Qa6 Qc4 37. Qxc4 dxc4 38. Kg1 a6 39. Nc3 Ne6 40. d5
Nc5 41. Kf2 Kf8 42. e4 Ke7 43. Ke3 Nb3 44. e5 g6 45. g4 g5 46. f4 gxf4+ 47. Kxf4
f6 48. h4 fxe5+ 49. Kxe5 Nd2 50. h5 Nf3+ 51. Kf4 Nd2 52. g5 Kf7 53. d6 Ke6 54.
g6 hxg6 55. hxg6 Nb3 56. d7 {Black resigns} 1-0

[Event "Team 45 45 League T78"]
[Site "Internet Chess Club"]
[Date "2018.09.26"]
[Round "2"]
[White "QuieroAprender"]
[Black "cool64chess"]
[Result "1/2-1/2"]
[WhiteElo "1747"]
[BlackElo "1981"]
[Opening "French defense"]
[ECO "C00"]
[Time "20:02:03"]
[TimeControl "2700+45"]

1. e4 e6 2. Nf3 d5 3. exd5 exd5 4. d4 Nc6 5. Bb5 Bd6 6. Nc3 Ne7 7. O-O O-O 8.
Bxc6 Nxc6 9. Nxd5 Bxh2+ 10. Nxh2 Qxd5 11. c3 Qd6 12. Qf3 Be6 13. Bf4 Qd7 14.
Rfe1 Ne7 15. Qxb7 Nd5 16. Bg3 a5 17. Qb3 Ne3 18. c4 Nxc4 19. Qc3 Nd6 20. Nf3 Nb5
21. Qd2 Rfd8 {Game drawn by mutual agreement} 1/2-1/2

[Event "Team 45 45 League T78"]
[Site "Internet Chess Club"]
[Date "2018.10.01"]
[Round "2"]
[White "ArturitoGalacti"]
[Black "andrew37"]
[Result "0-1"]
[WhiteElo "1880"]
[BlackElo "1658"]
[Opening "English opening"]
[ECO "A20"]
[Time "16:05:51"]
[TimeControl "2700+45"]

1. c4 e5 2. g3 Nf6 3. Bg2 c6 4. d4 exd4 5. Qxd4 Na6 6. Nf3 Be7 7. Nc3 O-O 8. e4
Bc5 9. Qd1 Re8 10. Bg5 Qb6 11. O-O Nxe4 12. Nxe4 Rxe4 13. Qc2 d5 14. cxd5 cxd5
15. Rad1 Nb4 16. Qb1 Be6 17. a3 Nc6 18. b4 Bf8 19. Nd2 Rg4 20. Bf4 Rxf4 21. gxf4
Bg4 22. Bf3 Bh3 23. Bg2 Bxg2 24. Kxg2 Bd6 25. Nf3 Bxf4 26. Rxd5 Ne7 27. Rdd1 Qh6
28. Qd3 Ng6 29. h3 Re8 30. Rfe1 Rf8 31. Qb5 Bb8 32. Rh1 Nf4+ 33. Kf1 Qg6 34. Rg1
Qc2 35. Re1 a6 36. Nd4 Qc3 37. Rxg7+ Kxg7 38. Qg5+ Ng6 39. Nf5+ Kh8 40. Re3 Qc1+
41. Ke2 Nf4+ 42. Kf3 Qh1+ 43. Kg4 Qd1+ 44. f3 Qg1+ 45. Ng3 Qxg3+ 46. Kxg3 Ne6+
47. Kg4 Nxg5 48. Kxg5 f6+ 49. Kf5 Be5 50. f4 Bb2 51. a4 Kg7 52. Re7+ Rf7 53. Re2
Bc3 54. Rg2+ Kf8 55. b5 axb5 56. axb5 Rc7 57. Rc2 Rc5+ 58. Ke6 f5 59. h4 b6 60.
h5 Kg7 {White resigns} 0-1

[Event "Team 45 45 League T78"]
[Site "Internet Chess Club"]
[Date "2018.09.28"]
[Round "2"]
[White "searchforbobby1"]
[Black "HomerSimpson"]
[Result "1-0"]
[WhiteElo "2075"]
[BlackElo "1971"]
[Opening "Sicilian: Alapin's variation (2.c3)"]
[ECO "B22"]
[Time "22:21:27"]
[TimeControl "2700+45"]

1. e4 c5 2. c3 d5 3. exd5 Qxd5 4. d4 g6 5. Be3 cxd4 6. cxd4 Bg7 7. Nc3 Qa5 8.
Nf3 Nh6 9. a3 O-O 10. b4 Qb6 11. Be2 Nf5 12. O-O Rd8 13. Qb3 Nxd4 14. Nxd4 Bxd4
15. Bxd4 Rxd4 16. Bc4 e6 17. Nb5 Rd8 18. Rad1 a6 19. Rxd8+ Qxd8 20. Rd1 Qe7 21.
Nd6 Nc6 22. f4 b5 23. Be2 Qa7+ 24. Kf1 Bd7 25. Ne4 Be8 26. Qc3 Ne7 27. Nf6+ Kf8
28. Nxh7+ Kg8 29. Nf6+ Kf8 30. Qh3 Nd5 31. Nxd5 exd5 32. Qh8+ Ke7 33. Rxd5 f6
34. Bg4 Bf7 35. Qh7 Rd8 36. Rxd8 Kxd8 37. Qh8+ Ke7 38. Qc8 Bc4+ 39. Be2 Bxe2+
40. Kxe2 Kf7 41. f5 gxf5 42. Qxf5 Qg1 43. Qd7+ Kf8 44. Qc8+ Kf7 45. Qb7+ Kg6 46.
h3 Qd4 47. Qf3 Qb2+ 48. Kf1 Qa1+ 49. Kf2 Qb2+ 50. Kg1 Qa1+ 51. Kh2 Qb2 52. Qg3+
Kf7 53. h4 Qe2 54. Qc7+ Kg6 55. Qf4 Qb2 56. Qg3+ Kh6 57. Qe3+ Kg6 58. Kh3 Qc2
59. g4 Qc4 60. h5+ Kf7 61. Qa7+ Kg8 62. Qb8+ Kh7 63. Qb7+ Kh6 64. Qf3 Kg7 65.
h6+ Kxh6 66. Qxf6+ Kh7 67. Qxa6 Qd3+ 68. Kh4 Qd8+ 69. Kg3 Qd3+ 70. Kf4 Qd4+ 71.
Kf5 Qd5+ 72. Kf6 Qd4+ 73. Ke7 Qg7+ 74. Kd8 Qg8+ 75. Kc7 Qxg4 76. Kb6 Qg5 77.
Qb7+ Kh8 78. Qc8+ Kg7 79. Qc7+ Kg8 80. Qc5 Qg3 81. Qc8+ Kf7 82. Qc7+ {Black
resigns} 1-0

[Event "Team 45 45 League T78"]
[Site "Internet Chess Club"]
[Date "2018.09.29"]
[Round "2"]
[White "charles-allen"]
[Black "Manon"]
[Result "0-1"]
[WhiteElo "1825"]
[BlackElo "2022"]
[Opening "Bird's opening"]
[ECO "A03"]
[Time "07:01:54"]
[TimeControl "2700+45"]

1. f4 d5 2. Nf3 c5 3. e3 g6 4. Be2 Bg7 5. O-O Nc6 6. d3 Nh6 7. e4 dxe4 8. dxe4
Qxd1 9. Rxd1 Nd4 10. Nxd4 Bxd4+ 11. Kh1 Ng4 12. c3 Nf2+ 13. Kg1 Nxd1+ 14. cxd4
Nxb2 15. Bxb2 cxd4 16. Bxd4 f6 17. Nc3 Be6 18. a4 a6 19. a5 Kf7 20. e5 Rhd8 21.
Bb6 Rd2 22. Rd1 Rc2 23. Bd4 Rd8 24. exf6 exf6 25. f5 Bxf5 26. Bc4+ Be6 27. Bxe6+
Kxe6 28. Ne4 Kf7 29. Nf2 Rd5 30. Kf1 Rxa5 31. Ng4 Rf5+ 32. Ke1 Rf4 33. Ne3 Re4
34. Kf1 Ra2 35. h3 b5 36. Bc5 g5 37. g4 Kg6 38. Nf5 h5 39. Ne7+ Kf7 40. gxh5
Rxe7 41. Bxe7 Kxe7 42. h6 Ra4 43. Rc1 Kf7 44. Rc7+ Kg6 45. h7 Rh4 46. h8=Q Rxh8
47. Kg2 Rb8 48. Rc6 a5 49. Ra6 a4 50. Kf3 Rd8 51. Ke3 Rh8 {White resigns} 0-1

[Event "Team 45 45 League T78"]
[Site "Internet Chess Club"]
[Date "2018.09.29"]
[Round "2"]
[White "laurenpar"]
[Black "Ajolote"]
[Result "0-1"]
[WhiteElo "1855"]
[BlackElo "1832"]
[Opening "Queen's Indian: Nimzovich variation (exaggerated fianchetto)"]
[ECO "E15"]
[Time "21:04:40"]
[TimeControl "2700+45"]

1. d4 Nf6 2. c4 e6 3. Nf3 b6 4. g3 Ba6 5. Qc2 d5 6. cxd5 exd5 7. Bg2 Bd6 8. O-O
O-O 9. Nc3 c5 10. dxc5 bxc5 11. Ng5 Nbd7 12. Nxd5 Rb8 13. Rd1 h6 14. Nxf6+ Nxf6
15. Bf4 Rb6 16. Ne4 Nxe4 17. Bxe4 Qe7 18. Bxd6 Rxd6 19. Rxd6 Qxd6 20. Rd1 Qe7
21. Bd3 Bb7 22. Qa4 a6 23. Qf4 Rd8 24. Rc1 Rc8 25. b3 Qe6 26. Bc4 Qe7 27. Rd1
Re8 28. Qf5 Bc8 29. Qd3 Bg4 30. Rd2 a5 31. Qd5 Bh3 32. Qf3 Bc8 33. Bd5 Ba6 34.
e4 Bc8 35. Qc3 Bh3 36. Qxa5 Qe5 37. Rd1 Bg4 38. Rc1 Bf3 39. Qc3 Qh5 40. a4 Re5
41. a5 Qxh2+ 42. Kxh2 Rh5+ 43. Kg1 Rh1# {White checkmated} 0-1

[Event "Team 45 45 League T78"]
[Site "Internet Chess Club"]
[Date "2018.09.28"]
[Round "2"]
[White "nathanpillay"]
[Black "LookImYourVader"]
[Result "0-1"]
[WhiteElo "1727"]
[BlackElo "1829"]
[Opening "Queen's gambit accepted"]
[ECO "D20"]
[Time "15:01:23"]
[TimeControl "2700+45"]

1. d4 d5 2. c4 dxc4 3. e3 e5 4. Bxc4 exd4 5. exd4 Bd6 6. Nf3 Nf6 7. O-O O-O 8.
Nc3 Nc6 9. Bg5 h6 10. Bh4 Bg4 11. Be2 Bxf3 12. Bxf3 Nxd4 13. Ne4 Be5 14. Qd3 g5
15. Bg3 Bxg3 16. fxg3 Nxf3+ 17. Rxf3 Qxd3 18. Nxf6+ Kg7 19. Nh5+ Kg6 20. Rxd3
Kxh5 21. Rd7 Rad8 22. Rxc7 Rd2 23. Rxb7 Rc8 24. Rxa7 Rcc2 25. Rxf7 Rxg2+ 26. Kh1
Rxh2+ 27. Kg1 Kg4 28. a4 Rcg2+ 29. Kf1 Rxb2 30. Kg1 Kh3 {White resigns} 0-1

[Event "Team 45 45 League T78"]
[Site "Internet Chess Club"]
[Date "2018.09.26"]
[Round "2"]
[White "Chessfish"]
[Black "Ajolote"]
[Result "1-0"]
[WhiteElo "1798"]
[BlackElo "1817"]
[Opening "Sicilian defense"]
[ECO "B32"]
[Time "22:03:48"]
[TimeControl "2700+45"]

1. e4 c5 2. Nf3 Nc6 3. d4 cxd4 4. Nxd4 Qb6 5. Nb3 e6 6. Nc3 a6 7. Be2 Nf6 8. O-O
Qc7 9. Bg5 Be7 10. f4 d6 11. Qd3 O-O 12. Qg3 b5 13. Bf3 Bb7 14. e5 Ne8 15. Bxe7
Qxe7 16. Rad1 d5 17. Bxd5 exd5 18. Nxd5 Qe6 19. Nc5 Qc8 20. Nb6 Qf5 21. Nxa8
Bxa8 22. Nd7 Nc7 23. Nxf8 Kxf8 24. Qd3 Qc8 25. Qxh7 Qg4 26. Qh8+ Ke7 27. Qh3
Qxh3 28. gxh3 Nb4 29. c3 Nbd5 30. Rd3 Ne6 31. f5 Nef4 32. Rdf3 Ne2+ 33. Kf2 Nef4
34. Kg3 Nh5+ 35. Kh4 g6 36. fxg6 fxg6 37. Rf7+ Ke6 38. Ra7 Bc6 39. Rxa6 Ne7 40.
Kg5 Kd7 41. Rf7 {Black resigns} 1-0

[Event "Team 45 45 League T78"]
[Site "Internet Chess Club"]
[Date "2018.09.26"]
[Round "2"]
[White "Portola"]
[Black "DaveTheRook"]
[Result "1-0"]
[WhiteElo "1800"]
[BlackElo "1607"]
[Opening "Queen's pawn game"]
[ECO "A45"]
[Time "19:01:14"]
[TimeControl "2700+45"]

1. d4 Nf6 2. c3 b6 3. Nf3 Bb7 4. Nbd2 e6 5. e3 Be7 6. Bd3 O-O 7. O-O c5 8. Qe2
d5 9. e4 dxe4 10. Nxe4 Nbd7 11. Bf4 Nxe4 12. Bxe4 Bxe4 13. Qxe4 Nf6 14. Qe2 Nd5
15. Bg3 Rc8 16. Rfd1 c4 17. a4 Bd6 18. Re1 Bxg3 19. hxg3 Qc7 20. Ng5 Qe7 21. Nf3
Rfe8 22. Qc2 h6 23. Ne5 a6 24. Qe2 b5 25. axb5 axb5 26. Ra5 Qb7 27. Rea1 Ra8 28.
Qf3 Rxa5 29. Rxa5 f6 30. Qh5 Rb8 31. Nf3 Ra8 32. Rxa8+ Qxa8 33. Kh2 Qf8 34. Nd2
Qf7 35. Qf3 Qg6 36. Ne4 f5 37. Nd6 Nf6 38. Kg1 Qg5 39. Qe3 Qxe3 40. fxe3 Nd5 41.
Kf2 b4 42. cxb4 Nxb4 43. Nxc4 Kf7 44. Ke2 Kg6 45. Ne5+ Kg5 46. Nd3 Nd5 47. Kf3
h5 48. Nf4 Nc7 49. b4 h4 50. gxh4+ Kxh4 51. g3+ Kg5 52. b5 Nxb5 53. Nxe6+ Kf6
54. Nf4 Nd6 55. Nd5+ Kg5 56. Nc3 g6 57. e4 fxe4+ 58. Nxe4+ Nxe4 59. Kxe4 Kf6 60.
d5 {Black resigns} 1-0

[Event "Team 45 45 League T78"]
[Site "Internet Chess Club"]
[Date "2018.09.30"]
[Round "2"]
[White "g8wrb"]
[Black "Megasus"]
[Result "1-0"]
[WhiteElo "1280"]
[BlackElo "1495"]
[Opening "Sicilian: Alapin's variation (2.c3)"]
[ECO "B22"]
[Time "06:00:56"]
[TimeControl "2700+45"]

1. e4 c5 2. c3 Nc6 3. Nf3 a6 4. d4 cxd4 5. cxd4 e6 6. Bc4 Qc7 7. O-O Nb4 8. Bb3
Nf6 9. Nc3 b5 10. a3 Nc6 11. Qd3 Bb7 12. Be3 Na5 13. Bc2 Nc4 14. Rab1 Ng4 15.
Rfc1 Ngxe3 16. fxe3 Be7 17. Bb3 Rc8 18. Bc2 g5 19. Ne2 h5 20. Bb3 g4 21. Ne5 d5
22. exd5 Nxe5 23. Rxc7 Nxd3 24. Rxb7 Rc1+ 25. Nxc1 {Black resigns} 1-0

[Event "Team 45 45 League T78"]
[Site "Internet Chess Club"]
[Date "2018.09.29"]
[Round "2"]
[White "kidcobra"]
[Black "edelgado"]
[Result "1-0"]
[WhiteElo "1812"]
[BlackElo "1512"]
[Opening "Dutch"]
[ECO "A80"]
[Time "19:37:15"]
[TimeControl "2700+45"]

1. d4 f5 2. Nc3 g6 3. e4 fxe4 4. f3 Nf6 5. fxe4 d6 6. Nf3 Bg7 7. Bc4 Nc6 8. Ng5
Rf8 9. O-O h6 10. Ne6 Rf7 11. Nxd8 {Black resigns} 1-0

[Event "Team 45 45 League T78"]
[Site "Internet Chess Club"]
[Date "2018.09.30"]
[Round "2"]
[White "krysto"]
[Black "evan7284"]
[Result "1-0"]
[WhiteElo "1562"]
[BlackElo "1539"]
[Opening "QGD: 3.Nc3"]
[ECO "D31"]
[Time "10:00:43"]
[TimeControl "2700+45"]

1. d4 d5 2. c4 e6 3. Nc3 f5 4. cxd5 exd5 5. Nf3 Nf6 6. Bg5 c6 7. e3 Bd6 8. Bd3
Be6 9. Ne5 O-O 10. O-O Qe8 11. f4 Ne4 12. Nxe4 fxe4 13. Be2 Nd7 14. Bg4 Bxg4 15.
Qxg4 Nf6 16. Qh3 Qh5 17. Qe6+ {Black resigns} 1-0

[Event "Team 45 45 League T78"]
[Site "Internet Chess Club"]
[Date "2018.09.28"]
[Round "2"]
[White "ChessMaine"]
[Black "scostanzo212"]
[Result "1-0"]
[WhiteElo "1524"]
[BlackElo "1533"]
[Opening "Queen's pawn: stonewall attack"]
[ECO "D00"]
[Time "20:01:07"]
[TimeControl "2700+45"]

1. d4 d5 2. e3 Nf6 3. Bd3 e6 4. Nd2 c5 5. c3 c4 6. Bc2 b5 7. f4 b4 8. Ngf3 Nc6
9. Ne5 Qc7 10. O-O Nd7 11. Rf3 f6 12. Nxc6 Qxc6 13. Rh3 f5 14. Nf3 Qc7 15. Ba4
bxc3 16. bxc3 Be7 17. Ng5 Bxg5 18. Qh5+ g6 19. Qxg5 Qd8 20. Qxg6+ hxg6 21. Rxh8+
Ke7 22. Ba3+ {Black resigns} 1-0

[Event "Team 45 45 League T78"]
[Site "Internet Chess Club"]
[Date "2018.09.29"]
[Round "2"]
[White "Pawnchain"]
[Black "losscause"]
[Result "1/2-1/2"]
[WhiteElo "1353"]
[BlackElo "1448"]
[Opening "Queen's pawn: London system"]
[ECO "A45"]
[Time "18:00:39"]
[TimeControl "2700+45"]

1. d4 Nf6 2. Bf4 d6 3. e3 g6 4. c3 Bg7 5. Bd3 O-O 6. Nd2 c5 7. Ngf3 Nc6 8. dxc5
dxc5 9. Qe2 Nd5 10. Bg3 Bg4 11. Rd1 Qa5 12. Bb1 Rad8 13. Nb3 Qb6 14. O-O Ne5 15.
Be4 Nxf3+ 16. Bxf3 Bxf3 17. Qxf3 Nf6 18. Qe2 Ne4 19. Bf4 e5 20. Bg3 Nxg3 21.
hxg3 e4 22. Qc4 {Game drawn by mutual agreement} 1/2-1/2